 Dungeon Crawl Stone Soup version 0.29-a0-322-g68df515428 (webtiles) character file.

Game seed: 1988822898406234010

12380 Flugslaktarn the Cruncher (level 12, -2/93 HPs)
             Began as a Human Venom Mage on Apr 5, 2022.
             Was an Elder of Sif Muna.
             Slain by an orc warlord
             ... wielding a +0 war axe
              (12 damage)
             ... on level 2 of the Orcish Mines.
             The game lasted 00:36:04 (5157 turns).

Flugslaktarn the Cruncher (Human Venom Mage)        Turns: 5157, Time: 00:36:05

Health: -2/93      AC:  9    Str: 10    XL:     12   Next: 19%
Magic:  7/17       EV: 14    Int: 19    God:    Sif Muna [****..]
Gold:   2926       SH:  0    Dex: 14    Spells: 2/17 levels left

rFire   . . .      SeeInvis .   o - +4 quarterstaff (distort)
rCold   . . .      Faith    .   (shield currently unavailable)
rNeg    . . .      Spirit   .   j - +0 troll leather armour
rPois   .          Reflect  .   (no helmet)
rElec   .          Harm     .   (no cloak)
rCorr   .          Rampage  .   r - +0 pair of gloves
Will    .....                   (no boots)
Stlth   +.........              l - amulet of regeneration
HPRegen 1.85/turn               p - +4 ring of protection
MPRegen 0.15/turn               (no ring)

@: confused
A: no striking features
a: Renounce Religion, Channel Magic, Forget Spell, Divine Exegesis


You were on level 2 of the Orcish Mines.
You worshipped Sif Muna.
Sif Muna was greatly pleased with you.
You visited 3 branches of the dungeon, and saw 14 of its levels.
You also visited: Sewer and Bailey.

You collected 2926 gold pieces.

Inventory:

Hand Weapons
 o - a +4 quarterstaff of distortion (weapon)
   (You found it on level 4 of the Dungeon)
Missiles
 f - 4 javelins
 y - 19 curare-tipped darts (quivered)
 C - 30 boomerangs
 F - a throwing net
Armour
 j - a +0 troll leather armour (worn)
   (You found it on level 9 of the Dungeon)
 r - a +0 pair of gloves (worn)
   (You found it on level 9 of the Dungeon)
 s - a +0 buckler
   (You found it on level 2 of the Dungeon)
 u - the +0 scale mail "Paothrem" {rC- Int+8 Dex+4}
   (You found it on level 6 of the Dungeon)

   Int:       It affects your intelligence (+8).
   Dex:       It affects your dexterity (+4).
   rC:        It makes you vulnerable to cold.
 I - the +2 robe of Ydoy {Int+3}
   (You found it on level 9 of the Dungeon)

   Int:       It affects your intelligence (+3).
Magical Staves
 w - a staff of fire
   (You found it on level 9 of the Dungeon)
Jewellery
 l - an amulet of regeneration (around neck)
   (You found it on level 4 of the Dungeon)
 p - a +4 ring of protection (left hand)
   (You found it on level 4 of the Dungeon)
Wands
 a - a wand of paralysis (2)
   (You found it on level 10 of the Dungeon)
 B - a wand of digging (8)
   (You found it on level 7 of the Dungeon)
 D - a wand of flame (12)
   (You found it on level 6 of the Dungeon)
 E - a wand of iceblast (5)
   (You took it off Maggie on level 8 of the Dungeon)
Scrolls
 b - 4 scrolls of fog
 c - a scroll of enchant armour
 e - 3 scrolls of vulnerability
 i - 2 scrolls of immolation
 v - a scroll of amnesia
 x - a scroll of brand weapon
 A - a scroll of magic mapping
Potions
 d - a potion of might
 g - 2 potions of mutation
 k - a potion of attraction
 m - a potion of brilliance
 n - a potion of ambrosia
 H - a potion of berserk rage {unknown}


   Skills:
 - Level 8.3 Fighting
 - Level 8.3 Staves
 - Level 6.7 Dodging
 - Level 2.0 Stealth
 - Level 3.0 Spellcasting
 + Level 3.1 Conjurations
 - Level 2.0 Transmutations
 + Level 3.1 Ice Magic
 + Level 3.9 Air Magic
 - Level 8.0 Poison Magic
 - Level 7.0 Invocations
 - Level 5.0 Evocations


You had 2 spell levels left.
You knew the following spells:

 Your Spells              Type           Power      Damage    Failure   Level
a - Sting                 Tmut/Pois      84%        1d7       2%          1
b - Poisonous Vapours     Pois/Air       50%        N/A       2%          2
c - Mephitic Cloud        Conj/Pois/Air  21%        N/A       8%          3
d - Olgreb's Toxic Radia  Pois           33%        N/A       8%          4
e - Freezing Cloud        Conj/Ice/Air   7%         6-21      80%         5

Your spell library contained the following spells:

 Spells                   Type           Power      Damage    Failure   Level
 Magic Dart               Conj           56%        1d5       5%          1
 Call Imp                 Summ           2%         N/A       30%         2
 Swiftness                Air            17%        N/A       12%         3
 Gell's Gravitas          Tloc           2%         N/A       52%         3
 Teleport Other           Tloc           2%         N/A       52%         3


Dungeon Overview and Level Annotations

Branches:
Dungeon (11/15)            Temple (1/1) D:5             Orc (2/2) D:9
    Elf (0/3) Orc:2         Sewer (visited)          Bailey (visited)
   Lair: D:8-11

Altars:
Ashenzari
Cheibriados
Dithmenos
Elyvilon
Fedhas
Gozag
Hepliaklqana
Kikubaaqudgha
Makhleb
Nemelex Xobeh
Okawaru
Qazlal
Ru
Sif Muna
Trog
Vehumet
Wu Jian
Xom
Yredelemnul
The Shining One

Shops:
D:8 =

Annotations:
D:3 1 runed translucent door, Crazy Yiuf


Message History

The orc warlord is heavily wounded.
You kill the orc wizard!
Sif Muna accepts your kill.
Casting: Olgreb's Toxic Radiance (dangerous; 8% risk of failure)
Confirm with . or Enter, or press ? or * to list all spells.
You begin to radiate toxic energy.
The orc warlord looks as sick as possible!
The troll is poisoned.
The orc priest is poisoned.
The orc looks even sicker.
The orc priest looks even sicker.
The orc warlord looks as sick as possible!
The troll looks even sicker.
The orc priest looks even sicker.
You kill the orc!
Sif Muna accepts your kill.
You kill the orc priest!
Sif Muna accepts your kill.
The orc priest calls upon Beogh to heal the orc warlord.
The orc warlord is healed somewhat.
An orc warrior comes into view. It is wielding a +0 battleaxe.
The orc warlord hits you with a +0 war axe!!
The orc warlord blocks your attack.
The orc warlord is heavily wounded.
The orc warlord looks as sick as possible!
The orc warrior is poisoned.
The troll looks even sicker.
The orc priest looks satisfied for a moment.
The orc warlord roars a battlecry!
The orc warrior goes into a battle-frenzy!
The orc warlord blocks your attack.
The orc warlord is severely wounded.
Your toxic aura wanes.
An orc comes into view. It is wielding a +0 club.
The orc warlord roars a battlecry!
The orc goes into a battle-frenzy!
Unknown command.
Things that are here:
a +0 dagger; a +0 robe; an orc corpse Unknown command.
The troll attacks as you move away! The troll bites you. The troll misses you.
The troll claws you but does no damage.
The orc priest looks satisfied for a moment.
You see here a +0 trident.
The troll attacks as you move away! The troll misses you. x2
The troll claws you.
The orc warlord attacks as you move away!
The orc warlord misses you.
Okay, then.
Okay, then.
You hit the orc warlord but do no damage.
Space warps around the orc warlord.
The orc warlord is severely wounded.
The orc priest calls down the wrath of Beogh upon you.
Beogh smites you! The troll closely misses you. The troll claws you!
* * * LOW HITPOINT WARNING * * *
The troll claws you.
* * * LOW HITPOINT WARNING * * *
The orc warlord barely misses you.
Unknown command.
Okay, then.
Okay, then.
Okay, then.
Unknown command.
Unknown command.
Unknown command.
Casting: Olgreb's Toxic Radiance (dangerous; 8% risk of failure)
Confirm with . or Enter, or press ? or * to list all spells.
Aiming: Mephitic Cloud (dangerous; 8% risk of failure)
Press: ? - help, Shift-Dir - straight line, f - orc warlord
Aim: an orc warlord, wielding a +0 war axe, wearing a +0 plate armour and wearing a +0 kite shield (severely wounded, very poisoned, chance to affect: 29%) That beam is likely to hit you.
Continue anyway?
The ball explodes into a vile cloud!
The stinking cloud engulfs the orc warlord but does no damage.
The orc warlord is severely wounded.
The stinking cloud engulfs you but does no damage.
The stinking cloud engulfs the troll but does no damage.
The troll is moderately wounded.
The stinking cloud engulfs the orc warrior but does no damage.
The orc warrior is moderately wounded.
You are engulfed in noxious fumes.
You choke on the stench!
You are confused.
You hear a shout!
The troll bites you but does no damage. The troll completely misses you.
The troll claws you!
* * * LOW HITPOINT WARNING * * *
The orc warlord is engulfed in noxious fumes.
The orc warlord closely misses you.
Unknown command.
You bump into the rock wall.
You are engulfed in noxious fumes.
You choke on the stench!
You are more confused.
The orc warrior looks more healthy.
The troll completely misses you. The troll claws you.
* * * LOW HITPOINT WARNING * * *
The troll barely misses you.
The orc warlord is engulfed in noxious fumes.
You bump into the rock wall.
You are engulfed in noxious fumes.
You choke on the stench!
You are more confused.
The troll closely misses you. x2; The troll misses you.
The orc warlord is engulfed in noxious fumes.
The orc warlord hits you with a +0 war axe!
You die...

.............)......).)...)......
.#.#.#.......#..##)#.))..........
.)#^#.#..........##........).....
.#................##.#..##..o....
##...............#######.........
##...............## #...o......
#...............○.# ##.........
##.............oo○######........
##.##......#....@T.o.##.#).......
#.........##...###o))............
#......#..#....# ###...).........
..............## ##............
#.#.#..#..#..## ##.#.#......#
############## ############


You could see an orc warlord (very poisoned), a troll (very poisoned), an orc
warrior (strong), an orc priest (strong, poisoned) and an orc (strong).

Vanquished Creatures
  A boulder beetle (D:9)
  A two-headed ogre (D:9)
  2 orc knights
  An orc sorcerer (Orc:2)
  A manticore (D:9)
  Maggie (D:8)
  A troll (D:9)
  A hornet (D:9)
  Grinder (D:6)
  2 wyverns
  7 yaks
  2 steam dragons
  A wraith (D:8)
  A warg (Orc:1)
  4 water moccasins
  25 orc warriors
  7 ogres
  A centaur (D:9)
  A phantom (D:6)
  15 kobold brigands
  A bullfrog (D:9)
  2 scorpions (D:6)
  3 killer bees (D:7)
  14 orc priests
  2 hounds
  2 gnoll shamans
  2 iguanas
  21 orc wizards
  3 adders
  15 gnolls
  3 river rats
  A shadow imp (D:8)
  A white imp (D:5)
  5 worms
  67 orcs
  10 endoplasms
  6 goblins
  5 hobgoblins
  5 jackals
  31 kobolds
  A quokka (D:1)
  5 ball pythons
  A bat (D:1)
  2 frilled lizards
  10 rats
294 creatures vanquished.

Vanquished Creatures (collateral kills)
  A bullfrog (D:7)
1 creature vanquished.

Vanquished Creatures (others)
  An orc priest (Orc:2)
  2 gnolls (D:7)
  19 plants (D:9)
22 creatures vanquished.

Grand Total: 317 creatures vanquished

Notes
Turn   | Place    | Note
-------+----------+-------------------------------------------
     0 | D:1      | Flugslaktarn the Human Venom Mage began the quest for the
                  | Orb.
     0 | D:1      | Reached XP level 1. HP: 13/13 MP: 3/3
    84 | D:1      | Reached XP level 2. HP: 19/19 MP: 0/5
   100 | D:2      | Found a faded altar of an unknown god.
   162 | D:1      | Learned a level 2 spell: Poisonous Vapours
   250 | D:1      | Reached XP level 3. HP: 11/24 MP: 4/6
   266 | D:1      | Reached skill level 1 in Air Magic
   715 | D:3      | Learned a level 3 spell: Mephitic Cloud
   746 | D:3      | Found a runed translucent door.
   747 | D:3      | Noticed Crazy Yiuf
  1058 | D:3      | Reached XP level 4. HP: 30/30 MP: 4/7
  1193 | D:5      | Entered Level 5 of the Dungeon
  1196 | D:5      | Found a hazy altar of Hepliaklqana.
  1288 | D:5      | Found a staircase to the Ecumenical Temple.
  1299 | Temple   | Entered the Ecumenical Temple
  1353 | Temple   | Became a worshipper of Sif Muna the Loreminder
  1434 | D:5      | Reached XP level 5. HP: 35/35 MP: 7/9
  1601 | D:5      | Reached XP level 6. HP: 41/41 MP: 0/10
  1621 | D:5      | Reached skill level 5 in Poison Magic
  1629 | D:5      | Found a burning altar of Makhleb.
  1706 | D:6      | Found a glowing drain.
  1724 | D:6      | Noticed Grinder
  1733 | D:6      | Killed Grinder
  1734 | D:6      | Reached XP level 7. HP: 46/46 MP: 6/11
  1756 | D:6      | Identified the +0 scale mail "Paothrem" {rC- Int+8 Dex+4}
  1796 | Sewer    | Entered a sewer
  1885 | Sewer    | Reached * piety under Sif Muna
  1891 | Sewer    | Reached skill level 1 in Fighting
  1891 | Sewer    | Reached skill level 1 in Staves
  2041 | Sewer    | Reached XP level 8. HP: 50/56 MP: 8/12
  2375 | D:7      | Learned a level 4 spell: Olgreb's Toxic Radiance
  2427 | D:7      | Reached ** piety under Sif Muna
  2565 | D:7      | Reached skill level 1 in Invocations
  2580 | D:7      | Reached XP level 9. HP: 39/65 MP: 4/13
  2671 | D:7      | Found a flagged portal.
  2687 | Bailey   | Entered a bailey
  2767 | Bailey   | Noticed an orc knight
  2785 | Bailey   | Reached skill level 5 in Dodging
  2788 | Bailey   | Reached skill level 5 in Invocations
  2789 | Bailey   | Reached skill level 5 in Fighting
  2789 | Bailey   | Reached skill level 5 in Staves
  2793 | Bailey   | Killed an orc knight
  2794 | Bailey   | Reached XP level 10. HP: 65/74 MP: 6/14
  2827 | Bailey   | Found a burning altar of Makhleb.
  3060 | D:6      | Found a sparkling altar of Nemelex Xobeh.
  3174 | D:8      | Found Zyfan's Jewellery Boutique.
  3313 | D:8      | Noticed Maggie
  3322 | D:8      | Reached *** piety under Sif Muna
  3329 | D:8      | Killed Maggie
  3380 | D:8      | Identified the +2 scale mail of the Lute {+Blink rN+}
  3492 | D:8      | Found a snail-covered altar of Cheibriados.
  3615 | D:9      | Identified the +2 robe of Ydoy {Int+3}
  3740 | D:10     | Entered Level 10 of the Dungeon
  3866 | D:9      | Reached XP level 11. HP: 73/84 MP: 2/16
  3870 | D:9      | Noticed a manticore
  3880 | D:9      | Killed a manticore
  3918 | D:9      | Found a staircase to the Orcish Mines.
  4030 | D:9      | Reached skill level 5 in Evocations
  4042 | D:9      | Reached **** piety under Sif Muna
  4082 | D:9      | Found an iron altar of Okawaru.
  4184 | D:9      | Noticed a two-headed ogre
  4189 | D:9      | Noticed a boulder beetle
  4195 | D:9      | Killed a two-headed ogre
  4215 | D:9      | Killed a boulder beetle
  4274 | Orc:1    | Entered Level 1 of the Orcish Mines
  4486 | Orc:1    | Reached ***** piety under Sif Muna
  4618 | Orc:2    | Entered Level 2 of the Orcish Mines
  4623 | Orc:2    | Noticed an orc knight
  4630 | Orc:2    | Noticed an orc knight
  4708 | Orc:2    | Received a gift from Sif Muna
  4709 | Orc:2    | Got Sif Muna's Handbook of Displaced Lightness {god gift}
  4718 | Orc:1    | Learned a level 5 spell: Freezing Cloud
  4805 | Orc:2    | Noticed an orc knight
  4839 | Orc:2    | Reached skill level 1 in Conjurations
  4839 | Orc:2    | Reached skill level 1 in Ice Magic
  4926 | Orc:2    | Found a staircase to the Elven Halls.
  4961 | Orc:2    | Reached XP level 12. HP: 57/93 MP: 4/17
  5114 | Orc:2    | Noticed an orc warlord
  5157 | Orc:2    | Slain by an orc warlord

Illustrated notes

Levels and vault maps discovered:
D:1:      tarquinn_simple_flora_water_a, layout_basic, minmay_vboxes
D:2:      layout_basic, nicolae_ecumenical_pavilion
D:3:      layout_loops_cross, general_overflow_altar, serial_shops, shop,
          uniq_crazy_yiuf_cottage
D:4:      layout_loops_ring, serial_shops, kennysheep_little_box
D:5:      layout_basic, nzn_hepliaklqana_mist_gate,
          nicolae_overflow_hidden_temple, minmay_temple_entry_trees
D:6:      layout_loops_cross, nemelex_xobeh_ov_fountains_minmay,
          cheibrodos_sewer_entry_sluice, uniq_pikel, uniq_grinder
D:7:      layout_gridville, enter_bailey_4
D:8:      layout_basic, mainiacjoe_overflow_six_doors_small, serial_shops,
          nicolae_square_shop, chequers_serial_rivers_micro_c, uniq_maggie
D:9:      layout_irregular_city, mainiacjoe_overflow_chevrons, erik_orc_3,
          serial_rivers, chequers_serial_rivers_room_b,
          chequers_serial_rivers_small_3, chequers_serial_rivers_micro_d,
          chequers_serial_rivers_small_b, chequers_serial_rivers_small_b,
          chequers_serial_rivers_room_a, nrook_loot_triangle, grunt_tough_drop,
          uniq_psyche
D:10:     layout_roguey, mainiacjoe_overflow_paths, kennysheep_generic_room_14
D:11:     layout_gridville, erik_lair_orcish_takeover
Temple:   regret_index_temple_generic_petals
Orc:1:    layout_caves
Orc:2:    grunt_orc_cross, layout_caves

Skill      XL: |  1  2  3  4  5  6  7  8  9 10 11 12 |
---------------+-------------------------------------+-----
Transmutations | 2 |  2.0
Air Magic      | 1 2 3 |  3.9
Spellcasting   | 3 |  3.0
Poison Magic   | 4 6 7 8 |  8.0
Fighting       | 1 3 5 7 8 |  8.3
Staves         | 1 3 5 7 8 |  8.3
Dodging        | 4 5 6 |  6.7
Invocations    | 2 5 7 |  7.0
Evocations     | 2 5 |  5.0
Conjurations   | 1 3 |  3.1
Ice Magic      | 1 3 |  3.1
Stealth        | |  2.0

Action                   |  1- 3 |  4- 6 |  7- 9 | 10-12 || total
-------------------------+-------+-------+-------+-------++-------
Melee: Unarmed           |    30 |       |       |       ||    30
       Quarterstaff      |     1 |    42 |   112 |   199 ||   354
Throw: Dart              |       |       |       |     3 ||     3
 Cast: Sting             |    55 |    28 |    31 |    40 ||   154
       Poisonous Vapours |       |     5 |     7 |    16 ||    28
       Mephitic Cloud    |       |     1 |     1 |    12 ||    14
       Olgreb's Toxic Ra |       |       |    14 |    60 ||    74
Invok: Channel Magic     |       |       |     2 |    11 ||    13
Evoke: Wand              |       |       |       |     4 ||     4
  Use: Potion            |     1 |     1 |     1 |     9 ||    12
       Scroll            |     1 |     6 |     5 |     6 ||    18
 Stab: Sleeping          |       |       |     1 |     1 ||     2
Armor: Robe              |    11 |     9 |    26 |    18 ||    64
       Skin              |       |     2 |    24 |       ||    26
       Steam dragon scal |       |       |       |     5 ||     5
       Troll leather arm |       |       |       |    32 ||    32
Dodge: Dodged            |    46 |    23 |    82 |   163 ||   314

Table legend: (Time is in decaauts)
 A = Elapsed time spent in this place.
 B = Non-inter-level travel time spent in this place.
 C = Inter-level travel time spent in this place.
 D = Time resting spent in this place.
 E = Time spent auto-exploring this place.
 F = Levels seen in this place.
 G = Mean time per level.
                   A        B        C        D        E       F      G
               +--------+--------+--------+--------+--------+-----+--------+
         Total |   5359 |   5100 |    259 |      0 |      0 |  16 |  334.9 |
       Dungeon |   3550 |   3291 |    259 |      0 |      0 |  11 |  322.7 |
        Temple |    105 |    105 |      0 |      0 |      0 |   1 |  105.0 |
  Orcish Mines |    858 |    858 |      0 |      0 |      0 |   2 |  429.0 |
         Sewer |    642 |    642 |      0 |      0 |      0 |   1 |  642.0 |
        Bailey |    202 |    202 |      0 |      0 |      0 |   1 |  202.0 |
               +--------+--------+--------+--------+--------+-----+--------+

Top non-repeatable levels by time:
   Sewer: 642 daAuts
     D:9: 582 daAuts
     D:1: 526 daAuts
     D:7: 491 daAuts
   Orc:1: 456 daAuts
     D:8: 452 daAuts
   Orc:2: 402 daAuts
     D:6: 389 daAuts
     D:5: 365 daAuts
     D:4: 324 daAuts
  Bailey: 202 daAuts
     D:2: 199 daAuts
     D:3: 144 daAuts
  Temple: 105 daAuts
    D:10: 63 daAuts
